 Dungeon Crawl Stone Soup version bcrawl-1.34.5 (console) character file.

Game seed: 3541621070148287730

86137 GodsVoicemail the Shooter (level 3, -2/29 HPs)
             Began as a Centaur Hunter on Nov 22, 2021.
             Slain by Sigmund
             ... wielding a +0 scythe
              (6 damage)
             ... on level 2 of the Dungeon.
             The game lasted 00:05:15 (1809 turns).

GodsVoicemail the Shooter (Centaur Hunter)          Turns: 1809, Time: 00:05:15

Health: -2/29      AC:  4    Str: 16    XL:     3   Next: 19%
Magic:  3/3        EV:  9    Int: 11    God:
Gold:   88         SH:  0    Dex: 10    Spells: 2/2 levels left

rFire    . . .     SeeInvis .   a - +2 dagger (venom)
rCold    . . .     Gourm    .   (no shield)
rNeg     . . .     Faith    .   c - +0 leather armour
rPois    .         Spirit   .   (no helmet)
rElec    .         Reflect  .   (no cloak)
rCorr    .         Harm     .   (no gloves)
MR       .....                  (no barding)
Stlth    ..........             (no amulet)
HPRegen  0.09/turn              (no ring)
MPRegen  0.08/turn              (no ring)

@: confused, very quick
A: large, hooves 3, deformed body, herbivore, speed 2, tough skin 3
a: no special abilities


You were on level 2 of the Dungeon.
You were hungry.

You visited 1 branch of the dungeon, and saw 2 of its levels.

You collected 88 gold pieces.

Inventory:

Hand Weapons
 a - a +2 dagger of venom (weapon)
 b - a +2 shortbow
Missiles
 d - 403 arrows
 j - 308 sling bullets
 l - 752 stones (quivered)
Armour
 c - a +0 leather armour (worn)
Scrolls
 f - 2 scrolls of amnesia {unknown}
 g - a scroll of immolation {unknown}
 h - 3 scrolls of remove curse {unknown}
 i - 2 scrolls of identify
 m - a scroll of teleportation {unknown}
Comestibles
 e - 6 rations {!d}


   Skills:
 - Level 2.1 Fighting
 * Level 6.1 Bows
 - Level 1.3 Dodging
 - Level 0.5 Stealth
 * Level 1.9 Unarmed Combat


You had 2 spell levels left.
You didn't know any spells.
Your spell library was empty.

Dungeon Overview and Level Annotations

Branches:
Dungeon (2/12)

Altars:

Annotations:
D:2 Sigmund


Innate Abilities, Weirdness & Mutations

You have hooves in place of feet.
Armour fits poorly on your strangely shaped body.
You are a herbivore.
You cover ground very quickly.
You have extremely tough skin. (AC +3)


Message History

You bump into the rock wall.
You bump into the rock wall.
Something hits you.
You're too confused to move!
You bump into the rock wall.
You hear some strange, mumbled words.
A puff of flame appears from out of thin air!
The puff of flame misses you.
You closely miss something. Your kick misses something. You punch something.
Something hits you!
You hear some strange, mumbled words.
You are more confused.
You hit something. Your kick misses something. Something hits you.
You bump into the rock wall.
Something hits you but does no damage.
You're too confused to move!
You're too confused to move!
Something hits you but does no damage.
You bump into the rock wall.
Something hits you!
* * * LOW HITPOINT WARNING * * *
You barely miss something. You miss something. Your kick misses something.
Something hits you.
You die...

### #.. ... #.# #.# #.#
#.# #.# #.# #.# #.#
####.####### #.#
#.{........#######
########.##
#@##..........)...
..........#
#.########.#######
########..# #.# #.# .
#####.###.#### #[#
...P###............#####.#
#....###..............#
###### #..#.รท.#.#####.#
+# ####....#.#.# #.# .#
#.....#...#.# #.#####


There were no monsters in sight!

Vanquished Creatures
  A leopard gecko (D:1)
  6 goblins
  7 hobgoblins
  5 kobolds
  2 quokkas
  6 bats
  A frilled lizard (D:1)
  3 rats
31 creatures vanquished.

Notes
Turn   | Place    | Note
-------+----------+-------------------------------------------
     0 | D:1      | GodsVoicemail the Centaur Hunter began the quest for the
                  | Orb.
     0 | D:1      | Reached XP level 1. HP: 17/17 MP: 1/1
   186 | D:1      | Reached skill level 1 in Unarmed Combat
   204 | D:1      | Reached XP level 2. HP: 24/24 MP: 2/2
  1379 | D:2      | Reached skill level 6 in Bows
  1406 | D:2      | Reached XP level 3. HP: 29/29 MP: 3/3
  1741 | D:2      | Noticed Sigmund
  1809 | D:2      | Slain by Sigmund

Skill      XL: |  1  2 |
---------------+-------+-----
Unarmed Combat | 1 |  1.9
Bows           | 6 |  6.1
Fighting       | |  2.1
Dodging        | |  1.3
Stealth        | |  0.5

Action                   || total
-------------------------++-------
Melee: Short sword       ||    96
       Kick              ||    16
       Dagger            ||     6
       Punch             ||     1
 Fire: Shortbow          ||     6
  Use: Potion            ||     1
  Eat: Ration            ||     1
Armor: Leather armour    ||    25
Dodge: Dodged            ||    42
